 Dungeon Crawl Stone Soup version 0.27-a0-1548-gf8a67e7463 (webtiles) character file.

Game seed: 5169204833714257359

6978 Froggeryz the Ripper (level 10, -3/49 HPs)
             Began as a Felid Berserker on July 14, 2021.
             Was the Champion of Trog.
             Slain by a wolf (5 damage)
             ... on level 2 of the Lair of Beasts.
             The game lasted 00:17:00 (15923 turns).

Froggeryz the Ripper (Felid Berserker)             Turns: 15923, Time: 00:17:00

Health: -3/49      AC:  2    Str: 19    XL:     10   Next: 81%
Magic:  11/11      EV: 21    Int: 10    God:    Trog [******]
Gold:   905        SH:  0    Dex: 18    Spells: 9/9 levels left
                                        Lives:  0   Deaths: 3

rFire    + . .     SeeInvis +     - Unarmed
rCold    . . .     Faith    +   (shield unavailable)
rNeg     . . .     Spirit   .   (armour unavailable)
rPois    .         Reflect  .   (helmet unavailable)
rElec    .         Harm     .   (cloak unavailable)
rCorr    .         Rampage  .   (gloves unavailable)
Will     +....                  (boots unavailable)
Stlth    +++++.....             q - amulet of faith
HPRegen  0.16/turn              h - ring of protection from fire
MPRegen  0.12/turn              a - +6 ring of strength

@: quick
A: very small, claws 1, fangs 3, see invisible, speed 1, shaggy fur 2, stealthy
paws, no weapons or thrown items, no armour, multi-lived
a: Renounce Religion, Berserk, Trog's Hand, Brothers in Arms


You were on level 2 of the Lair of Beasts.
You worshipped Trog.
Trog was exalted by your worship.
You visited 2 branches of the dungeon, and saw 12 of its levels.
You also visited: Ossuary and Volcano.

You collected 995 gold pieces.
You spent 90 gold pieces at shops.

Inventory:

Jewellery
 a - a +6 ring of strength (right paw)
 h - a ring of protection from fire (left paw)
 j - a ring of ice
 l - a ring of resist corrosion
 q - an amulet of faith (around neck)
Wands
 f - a wand of flame (58)
 r - a wand of iceblast (10)
 x - a wand of digging (12)
 B - a wand of polymorph (4)
Scrolls
 c - 2 scrolls of teleportation
 d - a scroll of magic mapping
 e - a scroll of fear {unknown}
 i - 2 scrolls of immolation
 k - 2 scrolls of fog {unknown}
 n - 3 scrolls of enchant weapon {unknown}
 v - 2 scrolls of blinking
 y - 2 scrolls of identify
 A - a scroll of acquirement {unknown}
Potions
 b - 2 potions of mutation
 g - 5 potions of curing
 m - 3 potions of haste {unknown}
 o - a potion of might {unknown}
 p - a potion of experience {unknown}
 t - a potion of cancellation {unknown}
 u - a potion of ambrosia {unknown}
 w - a potion of magic {unknown}
 z - a potion of lignification {unknown}


   Skills:
 + Level 8.6 Fighting
 - Level 7.0 Dodging
 - Level 11.0 Stealth
 * Level 15.2 Unarmed Combat


You had 9 spell levels left.
You didn't know any spells.
Your spell library was empty.

Dungeon Overview and Level Annotations

Branches:
Dungeon (10/15)            Temple (0/1) D:7            Lair (2/6) D:9
 Spider (0/4) Lair:2      Ossuary (visited)         Volcano (visited)
  Swamp: Lair:2-4    Shoals: Lair:2-4       Orc: D:9-12

Altars:
Fedhas
Gozag
Hepliaklqana
Ru
Wu Jian
Xom
Yredelemnul
Zin
Beogh

Annotations:
D:5 2 runed translucent doors
D:7 2 transporters
Lair:1 2 transporters, Gargoyl's ghost, journeyman GnAK
Lair:2 3 runed translucent doors, Edduzul's ghost, journeyman GnAr


Innate Abilities, Weirdness & Mutations

You have sharp claws.
You have razor-sharp teeth.
You have supernaturally acute eyesight. (SInv)
You cover ground quickly. (Speed+)
You are covered in thick fur. (AC +2)
Your paws help you pounce on unaware monsters.
You are incapable of wielding weapons or throwing items.
You cannot wear armour.
You gain extra lives every three experience levels.


Message History

The wolf barely misses you. x2; The cane toad completely misses you.
The wolf bites you.
You are too injured to fight recklessly!
You are too injured to fight recklessly!
You are too injured to fight recklessly!
You are too injured to fight recklessly!
You are too injured to fight recklessly!
You are too injured to fight recklessly!
You are too injured to fight recklessly!
You are too injured to fight recklessly!
You are too injured to fight recklessly!
You are too injured to fight recklessly!
You are too injured to fight recklessly!
You are too injured to fight recklessly!
You are too injured to fight recklessly!
You are too injured to fight recklessly!
You are too injured to fight recklessly!
You claw the cane toad!
The cane toad is almost dead.
The wolf closely misses you. The wolf bites you.
* * * LOW HITPOINT WARNING * * *
The wolf bites you.
* * * LOW HITPOINT WARNING * * *
The wolf misses you. The cane toad closely misses you.
You claw the cane toad!
You kill the cane toad!
Trog accepts your kill. The wolf completely misses you.
The wolf bites you but does no damage. The wolf bites you!
* * * LOW HITPOINT WARNING * * *
The wolf completely misses you.
You see here a cane toad corpse.
The wolf misses you.
You closely miss the wolf. The wolf closely misses you. The wolf misses you.
You barely miss the wolf. The wolf closely misses you. The wolf bites you.
* * * LOW HITPOINT WARNING * * *
You claw the wolf!
The wolf is heavily wounded.
The wolf bites you.
You die...

h.... P.# # ...... ..# #. #..
##.# #. #.#####P.# ### ###.
#....#...####P#
#.#.####P.##...)....† #.#.#
###....P#.#..#
#..####..#####...#. ..
#@h.....# #.#[## ...
##h#.#..# #.#..# ..#.
#.>.....# .....^ ...
##......## .....^^ P #.##
#.......## #...^..^ ..##...
#...P.....?.......^
≈.PP...####..............^.^
≈≈≈≈≈....#........#.##...^.^^
≈P≈≈P≈......##P...#### .


You could see 2 wolves.

Vanquished Creatures
  Erica (D:8)
  A dancing weapon (Volcano)
  5 wizards (Volcano)
  5 toenail golems (Volcano)
  A black mamba (Lair:1)
  2 cane toads
  A rime drake (Lair:2)
  6 komodo dragons
  2 hornets (D:9)
  A wraith (D:9)
  7 yaks
  A wyvern (D:8)
  2 steam dragons (D:8)
  4 vampire mosquitoes (D:8)
  2 acid dragons
  6 water moccasins
  Duvessa (D:7)
  3 ice beasts
  2 orc warriors
  2 black bears
  2 sky beasts
  A necrophage (D:5)
  2 ogres
  6 wolves (Lair:2)
  5 centaurs
  A phantom (D:5)
  4 kobold brigands
  An elf zombie (Ossuary)
  Blork the orc (D:6)
  4 bullfrogs
  A wyvern zombie (D:8)
  2 scorpions
  An elf skeleton (D:5)
  A water moccasin skeleton (D:4)
  Dowan (D:7)
  12 killer bees
  5 wights (D:6)
  2 electric eels (D:8)
  3 centaur zombies
  A bullfrog skeleton (D:6)
  A human zombie (Ossuary)
  4 hounds
  2 centaur skeletons
  A gnoll shaman (D:5)
  A human skeleton (D:5)
  Ijyb (D:3)
  3 orc wizards (D:8)
  Natasha (twice) (D:2)
  An iguana (D:7)
  2 mummies (Ossuary)
  4 howler monkey zombies
  10 gnolls
  A river rat (D:5)
  6 adders
  A shadow imp (D:5)
  A white imp (D:7)
  An ufetubus (D:6)
  3 adder skeletons (D:4)
  3 worms
  8 dart slugs
  18 orcs
  5 bats
  2 endoplasms
  2 giant cockroaches
  3 gnoll zombies (Ossuary)
  9 goblins
  6 hobgoblins
  4 jackals (D:5)
  A quokka (D:5)
  7 ball pythons
  2 frilled lizards
  5 goblin zombies (Ossuary)
  2 hobgoblin zombies (Ossuary)
  18 kobolds
  3 orc skeletons (D:5)
  3 orc zombies
  8 rats
265 creatures vanquished.

Vanquished Creatures (others)
  An unseen horror (shapeshifter) (D:8)
  12 fungi
  5 plants
18 creatures vanquished.

Grand Total: 283 creatures vanquished

Notes
Turn   | Place    | Note
-------+----------+-------------------------------------------
     0 | D:1      | Froggeryz the Felid Berserker began the quest for the Orb.
     0 | D:1      | Reached XP level 1. HP: 10/10 MP: 2/2
   475 | D:1      | Reached XP level 2. HP: 13/14 MP: 3/3
   502 | D:1      | Found a faded altar of an unknown god.
   581 | D:1      | Reached skill level 1 in Stealth
  1084 | D:2      | Noticed Natasha
  1093 | D:2      | Killed Natasha
  1093 | D:2      | Reached ** piety under Trog
  1094 | D:2      | Reached XP level 3. HP: 6/17 MP: 4/4
  1556 | D:2      | Reached skill level 4 in Unarmed Combat
  1739 | D:2      | Noticed Natasha
  1970 | D:2      | Killed Natasha
  1971 | D:2      | Reached XP level 4. HP: 6/21 MP: 5/5
  2495 | D:3      | Noticed Ijyb
  2526 | D:3      | Reached skill level 5 in Dodging
  2562 | D:3      | Killed Ijyb
  2563 | D:3      | Reached XP level 5. HP: 24/24 MP: 6/6
  3328 | D:4      | Reached skill level 5 in Unarmed Combat
  3499 | D:4      | Noticed a centaur
  3504 | D:4      | Killed a centaur
  3505 | D:4      | Gained mutation: You are covered in thick fur. (AC +2)
                  | [Felid growth]
  3505 | D:4      | Reached XP level 6. HP: 28/28 MP: 7/7
  4423 | D:4      | Reached *** piety under Trog
  4555 | D:5      | Entered Level 5 of the Dungeon
  4561 | D:5      | Reached skill level 5 in Stealth
  4561 | D:5      | Reached skill level 6 in Unarmed Combat
  4561 | D:5      | Reached XP level 7. HP: 31/31 MP: 8/8
  4578 | D:5      | Found a shimmering altar of Xom.
  4578 | D:5      | Found a shimmering altar of Xom.
  4578 | D:5      | Found a shimmering altar of Xom.
  4579 | D:5      | Found a shimmering altar of Xom.
  4579 | D:5      | Found a shimmering altar of Xom.
  4722 | D:5      | Found a runed translucent door.
  4723 | D:5      | Found a runed translucent door.
  4862 | D:5      | Found a sand-covered staircase.
  4867 | Ossuary  | Entered an ossuary
  5147 | Ossuary  | Reached skill level 7 in Unarmed Combat
  5566 | D:5      | Found a shimmering altar of Xom.
  5653 | D:5      | Reached XP level 8. HP: 34/34 MP: 9/9
  5991 | D:5      | Reached **** piety under Trog
  6132 | D:5      | Found a sacrificial altar of Ru.
  6134 | D:5      | Found an opulent altar of Gozag.
  6169 | D:5      | Found an ornate altar of the Wu Jian Council.
  6797 | D:6      | Found Zin's Purification Station.
  6797 | D:6      | Found a glowing silver altar of Zin.
  6805 | D:6      | Bought a potion of curing for 90 gold pieces
  6849 | D:6      | Reached skill level 8 in Unarmed Combat
  7861 | D:6      | Reached skill level 9 in Unarmed Combat
  7996 | D:6      | Noticed Blork the orc
  8000 | D:6      | Killed Blork the orc
  8017 | D:6      | Found a basalt altar of Yredelemnul.
  8074 | D:6      | Reached XP level 9. HP: 37/37 MP: 10/10
  8332 | D:6      | Found a hazy altar of Hepliaklqana.
  8332 | D:6      | Found a blossoming altar of Fedhas.
  8815 | D:7      | Reached skill level 10 in Unarmed Combat
  9253 | D:7      | Reached ***** piety under Trog
  9340 | D:7      | Found a staircase to the Ecumenical Temple.
  9462 | D:7      | Reached skill level 10 in Stealth
  9509 | D:7      | Noticed Dowan
  9511 | D:7      | Noticed Duvessa
  9512 | D:7      | Killed Dowan
  9517 | D:7      | Slain by Duvessa
  9518 | D:7      | Reached XP level 8. HP: 0/51 MP: 9/9
  9628 | D:7      | Killed Duvessa
  9833 | D:7      | Found a transporter.
  9835 | D:7      | Found a transporter.
 10274 | D:8      | Reached skill level 11 in Unarmed Combat
 10642 | D:8      | Reached XP level 9. HP: 37/37 MP: 10/10
 10691 | D:8      | Slain by a wyvern
 10692 | D:8      | Reached XP level 8. HP: -3/51 MP: 9/9
 11326 | D:8      | Noticed Erica
 11339 | D:8      | Killed Erica
 11340 | D:8      | Reached XP level 9. HP: 39/39 MP: 10/10
 11419 | D:8      | Noticed an unseen horror
 11426 | D:8      | Killed an unseen horror
 11569 | D:8      | Reached skill level 12 in Unarmed Combat
 12424 | D:9      | Reached skill level 5 in Fighting
 12578 | D:9      | Reached XP level 10. HP: 44/44 MP: 11/11
 12816 | D:9      | Found a staircase to the Lair.
 13252 | D:9      | Reached skill level 13 in Unarmed Combat
 13618 | D:10     | Entered Level 10 of the Dungeon
 13642 | Lair:1   | Entered Level 1 of the Lair of Beasts
 13654 | Lair:1   | Found a transporter.
 13694 | Lair:1   | Noticed Gargoyl's ghost (journeyman GnAK)
 13694 | Lair:1   | Noticed a cane toad
 13695 | Lair:1   | Noticed a cane toad
 14142 | Lair:1   | Noticed a cane toad
 14149 | Lair:1   | Killed a cane toad
 14356 | Lair:1   | Noticed a black mamba
 14385 | Lair:1   | Killed a black mamba
 14627 | Lair:1   | Found a transporter.
 14718 | Lair:1   | Noticed a moth of wrath
 14954 | Lair:2   | Reached XP level 11. HP: 50/50 MP: 12/12
 14959 | Lair:2   | Reached skill level 14 in Unarmed Combat
 15023 | Lair:2   | Found a hole to the Spider Nest.
 15195 | Lair:2   | Found a runed translucent gate.
 15195 | Lair:2   | Found a runed translucent gate.
 15196 | Lair:2   | Found a runed translucent gate.
 15196 | Lair:2   | Noticed Edduzul's ghost (journeyman GnAr)
 15197 | Lair:2   | Found a dark tunnel.
 15203 | Volcano  | Entered a volcano
 15304 | Volcano  | Noticed a wizard
 15307 | Volcano  | Killed a wizard
 15321 | Volcano  | Noticed a wizard
 15323 | Volcano  | Killed a wizard
 15323 | Volcano  | Reached ****** piety under Trog
 15331 | Volcano  | Noticed a wizard
 15333 | Volcano  | Killed a wizard
 15345 | Volcano  | Noticed a wizard
 15346 | Volcano  | Noticed a wizard
 15349 | Volcano  | Killed a wizard
 15354 | Volcano  | Killed a wizard
 15412 | Volcano  | Noticed a +1 mace of flaming
 15425 | Volcano  | Reached skill level 15 in Unarmed Combat
 15589 | Volcano  | Killed a +1 mace of flaming
 15599 | Volcano  | Identified the +2 pair of boots of the Mantidfly {Int+4}
 15906 | Lair:2   | HP: 1/52 [cane toad (21)]
 15907 | Lair:2   | Demolished by a cane toad
 15908 | Lair:2   | Reached XP level 10. HP: -17/49 MP: 11/11
 15909 | Lair:2   | Noticed a cane toad
 15918 | Lair:2   | Killed a cane toad
 15918 | Lair:2   | HP: 2/49 [wolf (8)]
 15923 | Lair:2   | Slain by a wolf

Illustrated notes

Levels and vault maps discovered:
D:1:      roderic_crossed_star, layout_rooms, shapermc_ecumenical_altar_petra
D:2:      layout_basic, skrybe_limestone_x, minmay_misc_feat_doors, uniq_natasha
D:3:      layout_loops_ring, minmay_misc_feat_nine_boxes, uniq_ijyb
D:4:      kennysheep_slugbush, layout_cave_pods
D:5:      lemuel_insect_pit, layout_basic, mainiacjoe_overflow_tiny_flanked,
          xom_redecorated, minitemple, gup_sewer_entry_bubbles,
          nicolae_ossuary_entry_catacombs
D:6:      layout_loops_ring, amethyst_overflow_temple_binary,
          lemuel_zombie_altar_yredelemnul, zin_purify, uniq_blork_the_orc
D:7:      gammafunk_beogh_shrine, layout_loops_corners,
          minmay_temple_entry_enclosed_plants, grunt_decor_resistance,
          uniq_duvessa
D:8:      minmay_inner_zag, layout_rooms, amcnicky_mini_pool_medium, uniq_erica
D:9:      layout_layer_cave, grunt_lair_entry_orc_guard_hut
D:10:     layout_irregular_city, uniq_joseph, uniq_fannar
Lair:1:   layout_regular_city, gammafunk_ghost_berserking_beasts
Lair:2:   layout_loops_ring, spider_nest_entry_web_field, enter_volcano_1,
          ebering_ghost_rock_garden, minmay_holes, serial_bayou_shore_a

Skill      XL: |  1  2  3  4  5  6  7  8  9 10 11 |
---------------+----------------------------------+-----
Stealth        | 2 3 4 5 6 11 10 | 11.0
Unarmed Combat | 4 5 6 7 11 12 13 15 | 15.2
Dodging        | 5 6 7 |  7.0
Fighting       | 5 7 8 |  8.6

Action                   |  1- 3 |  4- 6 |  7- 9 | 10-12 || total
-------------------------+-------+-------+-------+-------++-------
Melee: Unarmed           |    97 |   119 |   454 |   174 ||   844
       Bite              |     2 |    12 |    42 |    27 ||    83
       Punch             |     1 |     5 |    10 |     7 ||    23
Invok: Berserk           |     2 |     2 |    21 |     8 ||    33
       Trog's Hand       |       |       |     1 |     3 ||     4
Evoke: Wand              |       |       |     2 |       ||     2
  Use: Scroll            |       |       |     7 |     1 ||     8
       Potion            |       |       |       |     6 ||     6
 Stab: Sleeping          |     3 |    16 |    28 |    15 ||    62
       Distracted        |       |       |     2 |       ||     2
Armor: Skin              |     7 |     3 |    23 |     6 ||    39
Dodge: Dodged            |    94 |    81 |   344 |   137 ||   656

Table legend: (Time is in decaauts)
 A = Elapsed time spent in this place.
 B = Non-inter-level travel time spent in this place.
 C = Inter-level travel time spent in this place.
 D = Time resting spent in this place.
 E = Time spent auto-exploring this place.
 F = Levels seen in this place.
 G = Mean time per level.
                   A        B        C        D        E       F      G
               +--------+--------+--------+--------+--------+-----+--------+
         Total |  14552 |  14311 |    241 |   4506 |   7588 |  14 | 1039.4 |
       Dungeon |  11813 |  11604 |    209 |   3551 |   6506 |  10 | 1181.3 |
          Lair |   1409 |   1377 |     32 |    194 |    832 |   2 |  704.5 |
       Ossuary |    658 |    658 |      0 |    494 |      0 |   1 |  658.0 |
       Volcano |    671 |    671 |      0 |    265 |    249 |   1 |  671.0 |
               +--------+--------+--------+--------+--------+-----+--------+

Top non-repeatable levels by time:
     D:7: 2097 daAuts
     D:6: 1500 daAuts
     D:9: 1467 daAuts
     D:5: 1382 daAuts
     D:2: 1313 daAuts
     D:4: 1309 daAuts
     D:8: 1265 daAuts
  Lair:1: 1157 daAuts
     D:1: 888 daAuts
 Volcano: 671 daAuts
 Ossuary: 658 daAuts
     D:3: 583 daAuts
  Lair:2: 251 daAuts
    D:10: 5 daAuts
